 Dungeon Crawl Stone Soup version 0.21.1-1-g345015f (webtiles) character file.

210 Autsider the Slasher (level 5, 0/33 HPs)
             Began as a Tengu Berserker on Feb 18, 2018.
             Was a Priest of Trog.
             Killed by divine providence
             ... invoked by an orc priest
              (13 damage)
             ... on level 4 of the Dungeon.
             The game lasted 00:06:23 (1954 turns).

Autsider the Slasher (Tengu Berserker)              Turns: 1954, Time: 00:06:25

Health: 0/33       AC:  6    Str: 19    XL:     5   Next: 88%
Magic:  6/6        EV: 12    Int:  7    God:    Trog [***...]
Gold:   163        SH:  0    Dex: 13    Spells: 4/4 levels left

rFire    . . .     SeeInvis .   a - +1 falchion
rCold    . . .     Gourm    .   (no shield)
rNeg     . . .     Faith    .   i - +0 ring mail (curse)
rPois    .         Spirit   .   (helmet restricted)
rElec    .         Reflect  .   (no cloak)
rCorr    .         Harm     .   h - +0 pair of gloves
MR       .....                  (boots unavailable)
Stlth    +.........             (no amulet)
HPRegen  0.11/turn              (no ring)
MPRegen  0.10/turn              (no ring)

@: lethally poisoned (0 -> -3), slowed, very slow
A: beak, talons 3, able to fly 1
a: Fly, Berserk, Trog's Hand, Burn Spellbooks, Renounce Religion


You were on level 4 of the Dungeon.
You worshipped Trog.
Trog was most pleased with you.
You were not hungry.

You visited 1 branch of the dungeon, and saw 4 of its levels.

You collected 163 gold pieces.

Inventory:

Hand Weapons
 a - a +1 falchion (weapon)
Missiles
 r - 21 arrows
Armour
 h - a +0 pair of gloves (worn)
 i - a cursed +0 ring mail (worn)
Jewellery
 t - an uncursed amulet of magic regeneration {unknown}
 u - an uncursed amulet of guardian spirit {unknown}
 w - a +2 ring of evasion {unknown}
Wands
 o - a wand of polymorph (10)
Scrolls
 b - 2 scrolls of immolation
 d - a scroll of fog
 e - a scroll of magic mapping
 f - a scroll of enchant weapon
 g - a scroll of teleportation {unknown}
 j - 4 scrolls of identify
 p - a scroll of amnesia {unknown}
 q - a scroll of fear {unknown}
 v - a scroll of blinking {unknown}
Potions
 k - a potion of lignification
 m - a potion of mutation {unknown}
 n - 2 potions of flight
 s - a potion of brilliance {unknown}
Books
 l - a book of Minor Magic

   Spells                             Type                      Level
   a - Magic Dart                     Conjuration                  1
   b - Blink                          Translocation                2
   c - Call Imp                       Summoning                    2
   d - Slow                           Hexes                        2
   e - Conjure Flame                  Conjuration/Fire             3
   f - Mephitic Cloud                 Conjuration/Poison/Air       3
   Trog disapproves of the use of such an item.
Comestibles
 c - 6 rations


   Skills:
 + Level 4.1 Fighting
 + Level 4.4 Long Blades
 + Level 3.6 Armour
 + Level 3.7 Dodging


You had 4 spell levels left.
You didn't know any spells.

Dungeon Overview and Level Annotations

Branches:
Dungeon (4/15)             Temple (0/1) D:4

Altars:
Dithmenos
Makhleb

Annotations:
D:4 Scuka's ghost, amateur TrMo


Innate Abilities, Weirdness & Mutations

You have a beak for a mouth.
You have claws for feet.
You can fly.


Message History

The adder poisons you!
You see here a club.
You feel sick.
The orc wizard points at you and mumbles some strange words.
You feel yourself slow down.
You feel sick.
The orc priest calls upon Beogh to heal the orc wizard.
The orc wizard's wounds heal themselves!
The orc priest looks satisfied for a moment.
You feel sick.
The orc priest miscasts a cantrip.
The orc wizard casts a spell at you. You resist with some effort.
You barely miss the adder. Your peck misses the adder.
The adder barely misses you.
You riposte.
You slash the adder!
You kill the adder!
Trog accepts your kill.
The orc priest invokes the aid of Beogh against you.
Beogh smites you!
You die...

.....# #..,,,,,,,,,,,,**
##.#.# #.#********,,,,,*
.....# #.# #####.##..* ##.#.#
#.# #..o......*
.....####.#####)###.#...*
................o#*,,,,,******
......###.......o#***,,***,,,*
......# #.##.###o# *,,,,,,*,*
.#..#.# #.##.# #@# **,***,,,*
.#..#.# #.##.# #.# *,* **,**
##....# #.##.# #.# *,* *,*
#....# #....# #.# *,* *,*
#....# #..### #.# *,* *,*
#....# *,,* #.# *,* *,* #....#
*,,* #.# *,* *,* #....#
*,,*#**#.# *,* *,*
#.#.####..>.,,,,* *,****,*


You could see an orc priest, an orc wizard and an orc.

Vanquished Creatures
  A scorpion (D:4)
  6 adders
  2 oozes
  A worm (D:2)
  A leopard gecko (D:2)
  4 orcs
  2 ball pythons
  5 giant cockroaches
  13 hobgoblins
  8 jackals (D:3)
  3 quokkas
  10 bats
  3 frilled lizards
  12 goblins
  5 kobolds
  7 rats
83 creatures vanquished.

Notes
Turn   | Place    | Note
-------+----------+-------------------------------------------
     0 | D:1      | Autsider the Tengu Berserker began the quest for the Orb.
     0 | D:1      | Reached XP level 1. HP: 14/14 MP: 2/2
   133 | D:1      | Reached XP level 2. HP: 15/19 MP: 3/3
   392 | D:1      | Reached XP level 3. HP: 19/23 MP: 4/4
   645 | D:2      | Reached ** piety under Trog
   717 | D:2      | Found a faded altar of an unknown god.
   851 | D:2      | Reached XP level 4. HP: 28/28 MP: 5/5
   894 | D:2      | Found a shadowy altar of Dithmenos.
   978 | D:2      | Found a burning altar of Makhleb.
  1115 | D:3      | Reached *** piety under Trog
  1131 | D:3      | Gained mutation: You can fly. [Tengu growth]
  1131 | D:3      | Reached XP level 5. HP: 29/33 MP: 6/6
  1686 | D:4      | Noticed Scuka's ghost (amateur TrMo)
  1909 | D:4      | Found a staircase to the Ecumenical Temple.
  1954 | D:4      | Killed from afar by an orc priest

Skill      XL: |  1  2  3  4  5 |
---------------+----------------+-----
Armour         | 3 |  3.6
Dodging        | 3 |  3.7
Long Blades    | 4 |  4.4
Fighting       | 4 |  4.1

Action                   |  1- 3 |  4- 6 || total
-------------------------+-------+-------++-------
Melee: Falchion          |    65 |   106 ||   171
       Kick              |    17 |    29 ||    46
       Peck              |     8 |    13 ||    21
  Use: Scroll            |       |     7 ||     7
       Potion            |       |     1 ||     1
 Stab: Sleeping          |     1 |       ||     1
  Eat: Chunk             |       |     4 ||     4
Armor: Animal skin       |     2 |       ||     2
       Ring mail         |    22 |    48 ||    70
Dodge: Dodged            |    34 |    87 ||   121
       Rpst.: Falchion   |    10 |    28 ||    38
